 Dungeon Sprint DCSS version 0.19-a0-139-gefc6d61 (webtiles) character file.

4188 Kidiri the Covert (level 10, 0/67 HPs)
             Began as a Spriggan Enchanter on May 17, 2016.
             Was the Champion of Dithmenos.
             Slain by a killer bee (2 damage)
             ... in the Dungeon (Sprint III: "The Ten Rune Challenge").
             The game lasted 00:07:47 (1863 turns).

Kidiri the Covert (Spriggan Enchanter)              Turns: 1863, Time: 00:07:48

Health: 0/67       AC:  3    Str:  9    XL:     10   Next: 8%
Magic:  1/25       EV: 30    Int: 18    God:    Dithmenos [******]
Gold:   40         SH:  0    Dex: 19    Spells: 8 memorised, 9 levels left

rFire  . . .     SeeInvis +     a - +1 dagger
rCold  . . .     Gourm    .     b - +1 robe
rNeg   . . .     Faith    .     (shield restricted)
rPois  .         Spirit   .     (helmet restricted)
rElec  .         Dismiss  .     (no cloak)
rCorr  .         Reflect  .     (gloves unavailable)
SustAt .         Harm     .     (boots unavailable)
MR     +....     NoTele   +     (no amulet)
Stlth  ..........               (no ring)
                                (no ring)

@: berserking, lethally poisoned (0 -> -14), wreathed by umbra, very quick,
somewhat resistant to hostile enchantments, extremely unstealthy
A: unfitting armour, thin skeletal structure 1, see invisible, dopey 1,
herbivore 3, speed 3, frail 1, slow metabolism 2
a: Shadow Step, Shadow Form, Renounce Religion


You were in the Dungeon.
You worshipped Dithmenos.
Dithmenos was exalted by your worship.
You were full.

You visited 1 branch You collected 40 gold pieces.

Inventory:

Hand Weapons
 a - a +1 dagger (weapon)
Missiles
 i - 10 throwing nets (quivered)
Armour
 b - a +1 robe (worn)
Scrolls
 j - a scroll of blinking
 l - a scroll of torment
 m - a scroll of magic mapping {unknown}
 n - 2 scrolls of remove curse
 r - a scroll of holy word {unknown}
Potions
 g - a potion of might
 h - a potion of magic
 p - 5 potions of cure mutation
 q - 4 potions of flight
Miscellaneous
 e - a legendary deck of war {the Crusade}
Comestibles
 d - a bread ration
 f - a royal jelly
 o - 3 fruits


   Skills:
 + Level 4.9 Fighting
 * Level 10.2 Short Blades
 + Level 4.6 Armour
 * Level 12.7 Dodging
 * Level 14.1 Stealth
 * Level 10.8 Spellcasting
 + Level 4.4 Conjurations
 + Level 8.6 Hexes
 + Level 6.5 Translocations
 + Level 5.0 Ice Magic
 - Level 2.8 Invocations
 + Level 6.4 Evocations


You had 9 spell levels left.
You knew the following spells:

 Your Spells              Type           Power        Failure   Level  Hunger
a - Corona                Hex            #####..      1%          1    None
b - Ensorcelled Hibernat  Hex/Ice        ####..       1%          2    None
c - Confuse               Hex            #####...     1%          3    None
d - Tukima's Dance        Hex            #####...     1%          3    None
e - Dazzling Spray        Conj/Hex       ####..       1%          3    None
f - Slow                  Hex            #####...     1%          2    None
g - Gell's Gravitas       Hex/Tloc       #####.....   1%          3    None
h - Cause Fear            Hex            #####.....   2%          4    ##.....


Dungeon Overview and Level Annotations

Branches:
Dungeon (1/1)

Altars:
Cheibriados
Dithmenos
Elyvilon
Fedhas
Gozag
Kikubaaqudgha
Makhleb
Nemelex Xobeh
Okawaru
Pakellas
Qazlal
Ru
Sif Muna
Trog
Vehumet
Xom
Yredelemnul
Zin
The Shining One
Jiyva
Lugonu


Innate Abilities, Weirdness & Mutations

You are tiny and cannot use many weapons and most armour.
You have supernaturally acute eyesight.
You are a herbivore.
You cover ground extremely quickly.
You need consume almost no food.
You have a somewhat thin skeletal structure (Dex +2, Stealth).
You are dopey. (Int -2)
You are frail (-10% HP).


Message History

Your Ice Magic skill increases to level 5!
The killer bee collides with the killer bee!
You kill the killer bee!
Dithmenos accepts your kill.
You kill the killer bee!
Dithmenos accepts your kill.
* * * LOW HITPOINT WARNING * * *
You feel sick. The killer bee completely misses you. The killer bee misses you.
The killer bee stings you.
* * * LOW HITPOINT WARNING * * *
You emit a cloud of dark smoke.
You are more poisoned.
The killer bee poisons you! The killer bee misses you.
Unknown command.
Drink which item? (? for menu, Esc to quit)
A red film seems to cover your vision as you go berserk!
You feel yourself moving faster!
You feel mighty!
* * * LOW HITPOINT WARNING * * *
You feel sick. The killer bee completely misses you. The killer bee stings you.
You die...

#######################
)#.#)....#.....§@y§.≈≈#
#)##.###.#.....§#y%†≈≈#
#.##.#).##....§.#%%.≈≈≈≈
.#..##.)'.......#%%†≈≈≈≈
▓▓▓▓▓▓▓▓#.......#%†%%%..
#.......#%.%%.%%
+...%...#%%.%%%%
#.......########
##+######


You could see 2 killer bees.

Vanquished Creatures
  Erolcha (D)
  A deep elf mage (D)
  A queen bee (D)
  A shadow (D)
  2 redbacks (D)
  A spatial vortex (D)
  2 hill giants (D)
  A necrophage (D)
  3 two-headed ogres (D)
  A water elemental (D)
  30 killer bees (D)
  A jelly (D)
  Jessica (D)
  A wizard (D)
  A necromancer (D)
  A kobold demonologist (D)
  3 humans (D)
  2 oozes (D)
  A phantom (D)
55 creatures vanquished.

Vanquished Creatures (others)
  2 draconian scorchers (D)
  Nessos (D)
  A yaktaur (D)
  6 hellions (D)
10 creatures vanquished.

Grand Total: 65 creatures vanquished

Notes
Turn   | Place    | Note
--------------------------------------------------------------
     0 | D        | Kidiri the Spriggan Enchanter began the quest for the Orb.
     0 | D        | Reached XP level 1. HP: 9/9 MP: 5/5
    97 | D        | Killed a hellion
    97 | D        | Killed a hellion
   106 | D        | Killed a hellion
   108 | D        | Killed a hellion
   119 | D        | Killed a hellion
   122 | D        | Killed a hellion
   179 | D        | Reached skill level 5 in Stealth
   179 | D        | Reached XP level 2. HP: 8/14 MP: 4/7
   183 | D        | Learned a level 2 spell: Ensorcelled Hibernation
   189 | D        | Killed a yaktaur
   201 | D        | Killed a white draconian scorcher
   228 | D        | Killed a white draconian scorcher
   334 | D        | Noticed Jessica
   337 | D        | Killed Jessica
   337 | D        | Reached skill level 1 in Fighting
   337 | D        | Reached skill level 1 in Armour
   337 | D        | Reached skill level 6 in Stealth
   337 | D        | Reached XP level 3. HP: 18/18 MP: 7/9
   342 | D        | Learned a level 3 spell: Confuse
   346 | D        | Learned a level 3 spell: Dazzling Spray
   393 | D        | Reached skill level 1 in Ice Magic
   623 | D        | Reached skill level 5 in Dodging
   653 | D        | Gained mutation: You occasionally shout uncontrollably at your foes. [potion of mutation]
   653 | D        | Gained mutation: You are dopey. (Int -2) [potion of mutation]
   653 | D        | Gained mutation: You have a somewhat thin skeletal structure (Dex +2, Stealth). [potion of mutation]
   654 | D        | Lost mutation: You occasionally shout uncontrollably at your foes. [potion of mutation]
   654 | D        | Gained mutation: You are frail (-10% HP). [potion of mutation]
   805 | D        | Noticed a water elemental
   833 | D        | Killed a water elemental
   833 | D        | Reached skill level 7 in Stealth
   833 | D        | Reached skill level 5 in Spellcasting
   833 | D        | Reached skill level 1 in Conjurations
   833 | D        | Reached skill level 5 in Hexes
   833 | D        | Reached XP level 4. HP: 12/20 MP: 1/12
   841 | D        | Learned a level 3 spell: Tukima's Dance
  1035 | D        | Noticed a shadow
  1146 | D        | Killed a shadow
  1146 | D        | Reached skill level 5 in Short Blades
  1146 | D        | Reached skill level 9 in Stealth
  1146 | D        | Reached XP level 5. HP: 4/24 MP: 8/15
  1146 | D        | Reached XP level 6. HP: 5/28 MP: 8/16
  1374 | D        | Killed Nessos
  1453 | D        | Found an oddly glowing altar of Pakellas.
  1453 | D        | Found a stormy altar of Qazlal.
  1454 | D        | Noticed a spatial vortex
  1454 | D        | Found a sacrificial altar of Ru.
  1454 | D        | Found a burning altar of Makhleb.
  1454 | D        | Found a viscous altar of Jiyva.
  1454 | D        | Found a shimmering altar of Xom.
  1454 | D        | Found a shadowy altar of Dithmenos.
  1454 | D        | Found a sparkling altar of Nemelex Xobeh.
  1454 | D        | Found a corrupted altar of Lugonu.
  1454 | D        | Found an opulent altar of Gozag.
  1459 | D        | Became a worshipper of Dithmenos the Shadowed
  1467 | D        | Killed a spatial vortex
  1467 | D        | Reached skill level 1 in Invocations
  1487 | D        | Found a radiant altar of Vehumet.
  1488 | D        | Found a deep blue altar of Sif Muna.
  1488 | D        | Found an ancient bone altar of Kikubaaqudgha.
  1489 | D        | Reached skill level 10 in Stealth
  1503 | D        | Learned a level 2 spell: Slow
  1507 | D        | Learned a level 3 spell: Gell's Gravitas
  1517 | D        | Found a glowing silver altar of Zin.
  1518 | D        | Found a glowing golden altar of the Shining One.
  1518 | D        | Found a white marble altar of Elyvilon.
  1518 | D        | Noticed a deep elf mage
  1520 | D        | Killed a deep elf mage
  1520 | D        | Reached * piety under Dithmenos
  1520 | D        | Reached skill level 11 in Stealth
  1520 | D        | Reached XP level 7. HP: 32/32 MP: 17/19
  1528 | D        | Learned a level 4 spell: Cause Fear
  1540 | D        | Found an iron altar of Okawaru.
  1541 | D        | Found a bloodstained altar of Trog.
  1541 | D        | Noticed a human
  1541 | D        | Noticed a human
  1543 | D        | Killed a human
  1543 | D        | Reached skill level 10 in Dodging
  1543 | D        | Reached XP level 8. HP: 37/37 MP: 21/21
  1544 | D        | Reached ** piety under Dithmenos
  1559 | D        | Found a snail-covered altar of Cheibriados.
  1560 | D        | Found a basalt altar of Yredelemnul.
  1560 | D        | Found a blossoming altar of Fedhas.
  1622 | D        | Reached *** piety under Dithmenos
  1629 | D        | Reached skill level 12 in Stealth
  1635 | D        | Noticed Erolcha
  1637 | D        | Killed Erolcha
  1637 | D        | Reached XP level 9. HP: 30/41 MP: 18/23
  1638 | D        | Reached skill level 5 in Translocations
  1756 | D        | Reached skill level 13 in Stealth
  1756 | D        | Reached skill level 10 in Spellcasting
  1756 | D        | Reached skill level 5 in Evocations
  1851 | D        | Noticed a queen bee
  1853 | D        | Reached **** piety under Dithmenos
  1855 | D        | Reached ***** piety under Dithmenos
  1859 | D        | Killed a queen bee
  1861 | D        | Reached ****** piety under Dithmenos
  1861 | D        | Reached skill level 10 in Short Blades
  1861 | D        | Reached XP level 10. HP: 11/45 MP: 3/25
  1861 | D        | Reached skill level 14 in Stealth
  1862 | D        | Reached skill level 5 in Ice Magic
  1862 | D        | HP: 2/45 [killer bee (6)]
  1863 | D        | Slain by a killer bee

Vault maps used:
D:        dungeon_sprint_mu

Skill      XL: |  1  2  3  4  5  6  7  8  9 10 |
---------------+-------------------------------+-----
Spellcasting   | 3 4 5 6 8 9 10 | 10.8
Stealth        | 5 6 7 9 11 12 13 14 | 14.1
Hexes          | 4 5 6 7 8 |  8.6
Fighting       | 1 2 3 4 |  4.9
Short Blades   | 2 4 5 7 8 10 | 10.2
Armour         | 1 2 3 4 |  4.6
Dodging        | 4 6 7 9 10 11 12 | 12.7
Ice Magic      | 1 2 3 4 5 |  5.0
Conjurations   | 1 2 3 4 |  4.4
Invocations    | 2 |  2.8
Translocations | 2 3 4 6 |  6.5
Evocations     | 2 3 4 6 |  6.4

Action                   |  1- 3 |  4- 6 |  7- 9 | 10-12 || total
-------------------------+-------+-------+-------+-------++-------
Melee: Dagger            |    59 |    31 |    20 |       ||   110
 Cast: Corona            |    15 |     4 |       |       ||    19
       Dazzling Spray    |     6 |    11 |     1 |       ||    18
       Ensorcelled Hiber |     1 |       |     5 |       ||     6
       Confuse           |       |       |     1 |       ||     1
       Gell's Gravitas   |       |       |     5 |     2 ||     7
Invok: Shadow Step       |       |       |     1 |       ||     1
  Use: Potion            |     3 |     5 |       |     1 ||     9
       Scroll            |       |       |     2 |       ||     2
 Stab: Sleeping          |     2 |     5 |    11 |       ||    18
       Confused          |       |       |     1 |       ||     1
       Invisible         |       |       |     1 |       ||     1
  Eat: Bread ration      |       |     1 |       |       ||     1
Armor: Robe              |     4 |       |       |       ||     4
Dodge: Dodged            |    47 |    21 |    37 |     9 ||   114
